[Event "*** Titled Tuesday Blitz"]
[Site "Chess.com"]
[Date "2019.05.07"]
[Round "3"]
[White "fastestmindalive"]
[Black "GameOverBro"]
[Result "1-0"]
[WhiteElo "2646"]
[BlackElo "2425"]
[TimeControl "180+2"]
[EndTime "13:36:45 PDT"]
[Termination "fastestmindalive won by resignation"]

1. e4 d6 2. d4 Nf6 3. Nc3 e5 4. Nf3 Nbd7 5. Bc4 Be7 6. a4 h6 7. O-O c6 8. Re1 Qc7 9. a5 Nf8 10. h3 Ng6 11. Be3 O-O 12. b4 Bd7 13. Qb1 b5 14. Bf1 a6 15. Qb2 Nh5 16. Rad1 Nhf4 17. Ne2 Nxe2+ 18. Rxe2 Rfd8 19. dxe5 dxe5 20. Bb6 Qb7 21.
Red2 Nf8 22. Bxd8 Bxd8 23. Qxe5 Bf6 24. Qc5 Be8 25. e5 Ne6 26. Qe3 Be7 27. c3 c5 28. Rd6 cxb4 29. cxb4 Bxd6 30. exd6 Rd8 31. Ne5 Bc6 32. Qb6 Qxb6 33. axb6 Bb7 34. g3 Ng5 35. Bg2 Bxg2 36. Kxg2 Ne4 37. d7 Nf6 38. b7 Kf8 39. Nc6 1-0

[Event "*** Titled Tuesday Blitz"]
[Site "Chess.com"]
[Date "2019.05.07"]
[Round "3"]
[White "Sadikhov_Ulvi"]
[Black "Shant_Sargsyan"]
[Result "0-1"]
[WhiteElo "2674"]
[BlackElo "2960"]
[TimeControl "180+2"]
[EndTime "13:36:46 PDT"]
[Termination "Shant_Sargsyan won by resignation"]

1. e4 e5 2. Nf3 Nc6 3. Bb5 a6 4. Ba4 Nf6 5. d3 Bc5 6. O-O d6 7. c3 O-O 8. Re1 h6 9. Nbd2 b5 10. Bb3 Be6 11. Nf1 Bb6 12. h3 Re8 13. Ng3 d5 14.
Qe2 Qd7 15. Kh2 Rad8 16. Nh4 Na5 17. Bc2 dxe4 18. dxe4 Kh7 19. Nhf5 Nc4 20. b3 Nd6 21. Qf3 Nxf5 22. Nxf5 Bxf5 23. exf5 e4 24. Bxe4 Qe7 25. Bf4 Nxe4 26. f6 Qe6 27. fxg7 Qg6 28. Re2 Ng5 29. Bxg5 hxg5 30. Rae1 Rxe2 31. Rxe2 Kxg7 32. Re7 Qd6+ 0-1

[Event "*** Titled Tuesday Blitz"]
[Site "Chess.com"]
[Date "2019.05.07"]
[Round "3"]
[White "champ2005"]
[Black "krzyzan94"]
[Result "1-0"]
[WhiteElo "2891"]
[BlackElo "2656"]
[TimeControl "180+2"]
[EndTime "13:36:50 PDT"]
[Termination "champ2005 won by resignation"]

1. d4 c5 2. d5 e5 3. e4 d6 4. Nc3 a6 5. a4 g6 6. Nf3 Bg7 7. Nd2 f5 8. Nc4 Nf6 9. Bg5 h6 10. Bxf6 Bxf6 11. Bd3 O-O 12. O-O f4 13. a5 Bg7 14. Nb6 Ra7 15. Be2 h5 16. Nca4 Nd7 17.
Nxd7 Bxd7 18. Nb6 Bh6 19. c3 Rf7 20. b4 cxb4 21. cxb4 Qg5 22. Bf3 Qh4 23. Rc1 Bf8 24. Re1 Rh7 25. Rc7 Bg4 26. Rxh7 Kxh7 27. h3 Bxf3 28.
Qxf3 Be7 29. Rc1 g5 30. g3 Qxh3 31. Rc7 1-0

[Event "*** Titled Tuesday Blitz"]
[Site "Chess.com"]
[Date "2019.05.07"]
[Round "3"]
[White "giantslayer83"]
[Black "Mimsychess"]
[Result "1/2-1/2"]
[WhiteElo "2515"]
[BlackElo "2358"]
[TimeControl "180+2"]
[EndTime "13:36:57 PDT"]
[Termination "Game drawn by repetition"]

1. d4 Nf6 2. c4 e6 3. Nf3 d5 4. Nc3 Bb4 5. cxd5 exd5 6. Bg5 h6 7. Bxf6 Qxf6 8. Qb3 Bxc3+ 9. Qxc3 c6 10. e3 Nd7 11.
Bd3 O-O 12. O-O Re8 13. b4 Qd6 14. Rfc1 Nf6 15. b5 Bd7 16. a4 Rac8 17. Qb2 Rc7 18. Ne5 Rec8 19. a5 cxb5 20. Rxc7 Rxc7 21. Bxb5 Bxb5 22. Qxb5 Ne4 23. Qe8+ Qf8 24. Qxf8+ Kxf8 25. f3 Nd6 26. Ra2 Nc4 27. Rc2 Ke7 28. Kf2 f6 29. Nxc4 Rxc4 30. Rxc4 dxc4 31. e4 b5 32. axb6 axb6 33.
Ke3 b5 34. f4 b4 35. d5 Kd6 36.
Kd4 b3 37. e5+ fxe5+ 38. fxe5+ Kd7 39. Kc3 Kc7 40. g4 Kd7 41. h4 g5 42. h5 Ke7 43. Kb2 Kd7 44. Kc3 Ke7 45. Kb2 Kd7 46. Kc3 Ke7 47. Kb2 Kd7 1/2-1/2

[Event "*** Titled Tuesday Blitz"]
[Site "Chess.com"]
[Date "2019.05.07"]
[Round "3"]
[White "kinga2008"]
[Black "Bigfish1995"]
[Result "0-1"]
[WhiteElo "1941"]
[BlackElo "2939"]
[TimeControl "180+2"]
[EndTime "13:37:01 PDT"]
[Termination "Bigfish1995 won by resignation"]

1. e4 c5 2. Nf3 d6 3. d4 cxd4 4.
Nxd4 Nf6 5. Nc3 a6 6. f3 e6 7.
Be3 h5 8. Qd2 Nbd7 9. O-O-O Qc7 10. Be2 Be7 11. h3 Rb8 12. g4 b5 13. Rdg1 Ne5 14.
g5 Nfd7 15. f4 Nc4 16. Bxc4 Qxc4 17. b3 Qc7 18. g6 Nf6 19. gxf7+ Kxf7 20. e5 Ne8 21.
Qg2 Qxc3 22. Qg6+ Kf8 23. Bf2 Rh6 24. Qg2 Bb7 25. Qf1 Qa1+ 26. Kd2 Qxf1 27. Rxf1 Bxh1 28. Rxh1 dxe5 29. fxe5 Rc8 30. Be3 Rg6 31. Rf1+ Kg8 32. c3 Nc7 33. Nc6 Nd5 34. c4 Rxc6 35. cxd5 exd5 36. Bd4 Rg3 37. Rf5 Rxh3 0-1

[Event "*** Titled Tuesday Blitz"]
[Site "Chess.com"]
[Date "2019.05.07"]
[Round "3"]
[White "SwamiChaturanga"]
[Black "zurzan"]
[Result "1-0"]
[WhiteElo "2129"]
[BlackElo "1996"]
[TimeControl "180+2"]
[EndTime "13:37:02 PDT"]
[Termination "SwamiChaturanga won by resignation"]

1. d4 d6 2. c4 f5 3. Nc3 Nf6 4. g3 g6 5. Bg2 Bg7 6. Qb3 c6 7. Nh3 O-O 8. O-O h6 9. Nf4 Kh7 10. e4 e5 11. dxe5 dxe5 12. Rd1 Qe7 13. Nd3 fxe4 14. Nxe4 Nbd7 15. Be3 Nxe4 16. Bxe4 Nf6 17. Bc5 Qf7 18. Bxf8 Bxf8 19. Nxe5 Qe7 20. Bxg6+ Kg7 21. Re1 Qc5 22. Qc3 Be7 23. Bc2 Bh3 24. Qd3 Kf8 25. Ng6+ 1-0

[Event "*** Titled Tuesday Blitz"]
[Site "Chess.com"]
[Date "2019.05.07"]
[Round "3"]
[White "Jbd735"]
[Black "StephenDedalus83"]
[Result "0-1"]
[WhiteElo "2459"]
[BlackElo "2797"]
[TimeControl "180+2"]
[EndTime "13:37:06 PDT"]
[Termination "StephenDedalus83 won on time"]

1. e4 c5 2. Nf3 Nc6 3. d4 cxd4 4. Nxd4 Qc7 5. Nc3 e6 6. g3 a6 7. Bg2 Nf6 8. O-O h5 9. Re1 Nxd4 10. Qxd4 Bc5 11.
Qd3 Ng4 12. Re2 h4 13. Bf4 Qb6 14. Rf1 hxg3 15. hxg3 e5 16. Na4 Qc6 17. Nxc5 exf4 18. Qd5 Qh6 19. Rd1 fxg3 20. Nxd7 gxf2+ 21. Kf1 Qf4 0-1

[Event "*** Titled Tuesday Blitz"]
[Site "Chess.com"]
[Date "2019.05.07"]
[Round "3"]
[White "tomozupan"]
[Black "chessmaxusa"]
[Result "0-1"]
[WhiteElo "2289"]
[BlackElo "2546"]
[TimeControl "180+2"]
[EndTime "13:37:06 PDT"]
[Termination "chessmaxusa won by resignation"]

1. d4 c6 2. c4 d5 3. cxd5 Qxd5 4. Nc3 Qd8 5. e4 Nf6 6. Bg5 Bg4 7. f3 Bh5 8. Bxf6 gxf6 9. Bc4 e6 10. Nge2 Bd6 11. Qd2 Qc7 12. Rc1 Bg6 13. d5 exd5 14. Nxd5 Qd8 15. Ndf4 O-O 16. Nxg6 hxg6 17. Qh6 Qa5+ 18.
Nc3 Qg5 19. Qxg5 fxg5 20. O-O Bc5+ 21. Kh1 Nd7 22. Nd1 Rad8 23. Nf2 Kg7 24. Nd3 Bb6 25.
Rfd1 Be3 26. Rc2 Ne5 27. Nf2 Bxf2 28. Rxd8 Rxd8 29. Rxf2 Nxc4 0-1

[Event "*** Titled Tuesday Blitz"]
[Site "Chess.com"]
[Date "2019.05.07"]
[Round "3"]
[White "Berardino"]
[Black "jacky72"]
[Result "1-0"]
[WhiteElo "2509"]
[BlackElo "2624"]
[TimeControl "180+2"]
[EndTime "13:37:10 PDT"]
[Termination "Berardino won by resignation"]

1. e4 e5 2. Nf3 Nc6 3. Bb5 a6 4. Ba4 d6 5. O-O Bd7 6. c4 g6 7. Nc3 Bg7 8. Bxc6 Bxc6 9. d4 Ne7 10. Re1 O-O 11. dxe5 dxe5 12. Bg5 f6 13. Be3 Qxd1 14. Rexd1 Rfd8 15. Nd5 Nxd5 16. cxd5 Be8 17. Rac1 Rac8 18. Nd2 Bf8 19. Nc4 c6 20. Nb6 Rb8 21. f3 f5 22.
Bg5 Rd6 23. Nc4 cxd5 24. Nxd6 Bxd6 25. Rxd5 Bf8 26. Rd8 Rxd8 27. Bxd8 fxe4 28. fxe4 Bc6 29. Bc7 Bg7 30. Rc5 Bxe4 31. Bxe5 Bf8 32. Rc7 Bc6 33. a3 Bc5+ 34. Kh1 a5 35. Rg7+ Kf8 36. Rxh7 a4 37.
Bc3 Ke8 38. Rg7 Be4 39. Bb4 Kf8 40. Rc7 Bxb4 41. axb4 Bc6 42. h4 Kg8 43. Kh2 Kf8 44. g4 Kg8 45. Kg3 Kf8 46. Kf4 a3 47. bxa3 1-0

[Event "*** Titled Tuesday Blitz"]
[Site "Chess.com"]
[Date "2019.05.07"]
[Round "3"]
[White "Taron_Shagbazyan"]
[Black "kharov2001"]
[Result "1-0"]
[WhiteElo "2735"]
[BlackElo "2525"]
[TimeControl "180+2"]
[EndTime "13:37:13 PDT"]
[Termination "Taron_Shagbazyan won on time"]

1. d4 Nf6 2. c4 e6 3. Nc3 Bb4 4. e3 O-O 5. Bd3 d5 6. Nf3 c5 7.
O-O Bxc3 8. bxc3 b6 9. cxd5 exd5 10. dxc5 bxc5 11. c4 Be6 12. cxd5 Bxd5 13. Bb2 Nbd7 14. e4 Be6 15. e5 Nd5 16. a4 Rb8 17. Ba3 Nb4 18. Be4 Qc7 19. Re1 Rfd8 20. Qe2 g6 21. Bb2 Nb6 22. Bc1 N6d5 23. Bg5 Re8 24. Rac1 Qa5 25. Qd2 Nb6 26. Bf6 1-0

[Event "*** Titled Tuesday Blitz"]
[Site "Chess.com"]
[Date "2019.05.07"]
[Round "3"]
[White "STAYFlow"]
[Black "nitpicker"]
[Result "0-1"]
[WhiteElo "2352"]
[BlackElo "2254"]
[TimeControl "180+2"]
[EndTime "13:37:13 PDT"]
[Termination "nitpicker won by resignation"]

1. d4 Nf6 2. c4 e6 3. g3 d5 4. Nf3 Bb4+ 5. Bd2 Be7 6. Bg2 O-O 7. O-O c6 8. Qc2 b6 9. Bf4 Ba6 10. Ne5 Qc8 11. Rc1 Rd8 12. Nd2 dxc4 13. Ndxc4 Rxd4 14.
Rd1 Rxd1+ 15. Rxd1 Bb7 16. Nd6 Bxd6 17. Rxd6 Qf8 18.
Nxc6 Nxc6 19. Bxc6 Rc8 20. b4 Nd5 21. Rxd5 exd5 22.
b5 Bxc6 23. bxc6 Qc5 24. Qa4 b5 25. Qa5 Qxc6 26. Qxa7 h6 27. Qd4 Qc4 28. Qe5 Qxa2 29. Qf5 Qc4 30. h4 b4 31. Be5 Ra8 32. Kg2 Qe4+ 0-1

[Event "*** Titled Tuesday Blitz"]
[Site "Chess.com"]
[Date "2019.05.07"]
[Round "3"]
[White "Gentlejimmy7"]
[Black "Thjop"]
[Result "0-1"]
[WhiteElo "2450"]
[BlackElo "2548"]
[TimeControl "180+2"]
[EndTime "13:37:14 PDT"]
[Termination "Thjop won by resignation"]

1. d4 Nf6 2. g3 g6 3. Bg2 Bg7 4. Nf3 O-O 5. O-O d6 6. b3 e5 7. dxe5 dxe5 8. Ba3 Qxd1 9. Rxd1 Re8 10. Nc3 e4 11.
Nd4 a6 12. Rac1 Nbd7 13. f4 c5 14. e3 cxd4 15. Rxd4 Bf8 16. Bxf8 Kxf8 17. Nxe4 Nxe4 18. Rxe4 Rxe4 19. Bxe4 Nc5 20. Bd5 Be6 21. Bxe6 fxe6 22. Rd1 Ke7 23. Kf2 Rd8 24. Rxd8 Kxd8 25. Kf3 Ke7 26.
e4 e5 27. f5 Kf6 28. g4 Kg5 29. b4 Na4 30. Kg3 Nc3 31. h4+ Kf6 32. g5+ Kf7 33.
Kf3 Nxa2 34. b5 a5 35. Kg4 a4 36. h5 a3 37. c4 Nb4 38. h6 a2 39. fxg6+ Kxg6 0-1

[Event "*** Titled Tuesday Blitz"]
[Site "Chess.com"]
[Date "2019.05.07"]
[Round "3"]
[White "albano87"]
[Black "mjray79"]
[Result "0-1"]
[WhiteElo "2213"]
[BlackElo "2129"]
[TimeControl "180+2"]
[EndTime "13:37:15 PDT"]
[Termination "mjray79 won by resignation"]

1. d4 Nf6 2. Nf3 g6 3. g3 Bg7 4. Bg2 O-O 5. O-O d6 6. a4 Nbd7 7. Nc3 e5 8. e4 c6 9. h3 Qc7 10. a5 Rd8 11. Re1 Nf8 12. Be3 Ne6 13. Qd2 Bd7 14.
a6 b5 15. Rad1 Rac8 16. dxe5 dxe5 17. Qd6 Qxd6 18. Rxd6 b4 19. Na4 Nxe4 20. Rdd1 c5 21. b3 Bxa4 22. bxa4 Nc3 23. Rxd8+ Rxd8 24. Nd2 Nxa4 25.
Nc4 Nd4 26. Bxd4 exd4 27. Na5 d3 28. cxd3 Rxd3 29. Nc6 b3 30. Nxa7 b2 31. Nb5 Nb6 32.
a7 Rb3 33. Nd6 b1=Q 34. Rxb1 Rxb1+ 35. Kh2 Ra1 36. Nc8 Nxc8 37. a8=R Rxa8 38. Bxa8 Bd4 0-1

[Event "*** Titled Tuesday Blitz"]
[Site "Chess.com"]
[Date "2019.05.07"]
[Round "3"]
[White "CarrotsandPizza"]
[Black "HouseOfDurin"]
[Result "1-0"]
[WhiteElo "1821"]
[BlackElo "1942"]
[TimeControl "180+2"]
[EndTime "13:37:16 PDT"]
[Termination "CarrotsandPizza won by resignation"]

1. e4 c5 2. Nf3 Nc6 3. d4 cxd4 4. Nxd4 e5 5. Nb5 d6 6. c4 Be6 7. N1c3 Rc8 8. Bd3 a6 9. Na3 Be7 10. O-O Nf6 11. b3 O-O 12. Bb2 Nd7 13. Nc2 Nc5 14.
Be2 f5 15. exf5 Bxf5 16. Ne3 Be6 17. Ncd5 Ne4 18. Bg4 Bxg4 19. Qxg4 Nf6 20. Qe6+ Kh8 21. Rad1 Re8 22. g3 Bf8 23. Qh3 Nxd5 24. Nxd5 Qg5 25. f4 exf4 26. Rxf4 Rcd8 27. Rdf1 h6 28. Rf5 Qg6 29.
Rf7 Ne5 30. Rxb7 Qc2 31. Rf2 Qd1+ 32. Kg2 Nd3 33. Qxh6+ Kg8 34. Rxf8+ 1-0

[Event "*** Titled Tuesday Blitz"]
[Site "Chess.com"]
[Date "2019.05.07"]
[Round "3"]
[White "harvsp123"]
[Black "Ambitiousresolutions"]
[Result "0-1"]
[WhiteElo "2467"]
[BlackElo "2701"]
[TimeControl "180+2"]
[EndTime "13:37:19 PDT"]
[Termination "Ambitiousresolutions won by resignation"]

1. d4 Nf6 2. c4 g6 3. Nc3 d5 4. cxd5 Nxd5 5. e4 Nxc3 6. bxc3 Bg7 7. Nf3 c5 8. Rb1 O-O 9. Be2 Nd7 10. O-O Nf6 11. Qd3 b6 12. d5 Nxe4 13. Qxe4 Bf5 14. Qh4 Bxb1 15. Bg5 Bxa2 16. Rd1 Bb3 17. Bxe7 Qd7 18.
Rd2 Rfe8 19. d6 a5 20. Ng5 Rxe7 21. dxe7 Qxe7 22. Qxh7+ Kf8 23. Qh4 Re8 24. h3 Bxc3 25. Kh2 Qc7+ 26. f4 Bxd2 27. Nh7+ Kg7 0-1

[Event "*** Titled Tuesday Blitz"]
[Site "Chess.com"]
[Date "2019.05.07"]
[Round "3"]
[White "cherryandmint"]
[Black "TargetA"]
[Result "1-0"]
[WhiteElo "2681"]
[BlackElo "2435"]
[TimeControl "180+2"]
[EndTime "13:37:22 PDT"]
[Termination "cherryandmint won by resignation"]

1. e4 e5 2. Nf3 Nc6 3. Bc4 Nf6 4. d3 Bc5 5. O-O O-O 6. c3 d6 7. a4 a5 8. Bg5 h6 9. Bh4 Be6 10.
Nbd2 Re8 11. Re1 g5 12. Bg3 Qd7 13. Qb3 Kg7 14. Bxe6 Rxe6 15. Nc4 Nh5 16. Rad1 Nxg3 17. hxg3 d5 18. Ne3 Bxe3 19. exd5 Bxf2+ 20. Kxf2 Rf6 21. dxc6 Qxc6 22. Kg1 Qc5+ 23. d4 exd4 24. cxd4 Qd6 25. Qxb7 Ra6 26. Ne5 Rb6 27. Qe4 Rxb2 28. Rf1 c5 29.
Rxf6 Qxf6 30. Rf1 1-0

[Event "*** Titled Tuesday Blitz"]
[Site "Chess.com"]
[Date "2019.05.07"]
[Round "3"]
[White "NeverEverForever1990"]
[Black "1random"]
[Result "0-1"]
[WhiteElo "2430"]
[BlackElo "2680"]
[TimeControl "180+2"]
[EndTime "13:37:22 PDT"]
[Termination "1random won by resignation"]

1. d4 Nf6 2. Nf3 d5 3. Bf4 c5 4. e3 Nc6 5. Nbd2 Qb6 6. dxc5 Qxb2 7. Rb1 Qxa2 8. Bb5 Qa3 9. Ne5 Qxc5 10. c4 Bd7 11.
Qa4 Nxe5 12. Bxe5 Bxb5 13. Rxb5 Qc6 14. Bxf6 gxf6 15. cxd5 Qd7 16. Qb3 b6 17. O-O Bg7 18. e4 O-O 19. Nf3 e6 20. Nd4 f5 21. Rd1 Rad8 22. Nc6 Rc8 23. exf5 exd5 24. f6 Bxf6 25. Qg3+ Kh8 26. Ne5 Qxb5 27. Qf4 Bxe5 28. Qxe5+ f6 29. Qe7 Rce8 0-1

[Event "*** Titled Tuesday Blitz"]
[Site "Chess.com"]
[Date "2019.05.07"]
[Round "3"]
[White "Kirill_Klukin"]
[Black "Vincent_Vega95"]
[Result "0-1"]
[WhiteElo "2524"]
[BlackElo "2668"]
[TimeControl "180+2"]
[EndTime "13:37:24 PDT"]
[Termination "Vincent_Vega95 won by resignation"]

1. Nf3 Nf6 2. c4 g6 3. Nc3 Bg7 4. g3 O-O 5. Bg2 d6 6. O-O Nc6 7. d3 e5 8. Rb1 a5 9. a3 h6 10.
Nd2 Be6 11. Nd5 Qd7 12. Nxf6+ Bxf6 13. Ne4 Bg7 14. Bxh6 Bh3 15. Bxg7 Kxg7 16. e3 Rh8 17. Qf3 Qe7 18. Nc3 f5 19. Nd5 Qf7 20. Bxh3 Rxh3 21. Qg2 Rah8 22. b4 g5 23. b5 Qh5 24. Rb2 Rxh2 25. f3 Rxg2+ 26. Rxg2 Nd8 27. g4 fxg4 28. fxg4 Qh1+ 29. Kf2 Rf8+ 30. Nf4 Qh4+ 0-1

[Event "*** Titled Tuesday Blitz"]
[Site "Chess.com"]
[Date "2019.05.07"]
[Round "3"]
[White "1e41-0"]
[Black "rookoco"]
[Result "0-1"]
[WhiteElo "2460"]
[BlackElo "2759"]
[TimeControl "180+2"]
[EndTime "13:37:27 PDT"]
[Termination "rookoco won by resignation"]

1. e4 c5 2. Nf3 d6 3. d4 cxd4 4. Nxd4 Nf6 5. Nc3 a6 6. h3 e5 7. Nde2 h5 8. Bg5 Be6 9. Ng3 Nbd7 10. Be2 g6 11. Qd2 Rc8 12. Bf3 Qb6 13. O-O-O Be7 14. Nf1 Qa5 15. a3 b5 16. Kb1 b4 17. axb4 Qxb4 18.
Nd5 Qa4 19. b3 Qa3 20. Nxe7 Kxe7 21. Ne3 Rc6 22. Be2 Rb8 23. Nd5+ Kf8 24. Bxf6 Nxf6 25. Qh6+ Ke8 26. Nxf6+ Ke7 27. Qg5 Rxb3+ 28. cxb3 Qxb3+ 0-1

[Event "*** Titled Tuesday Blitz"]
[Site "Chess.com"]
[Date "2019.05.07"]
[Round "3"]
[White "JonasHilwerda"]
[Black "bluejay1897"]
[Result "1-0"]
[WhiteElo "2243"]
[BlackElo "2281"]
[TimeControl "180+2"]
[EndTime "13:37:30 PDT"]
[Termination "JonasHilwerda won by resignation"]

1. e4 c5 2. Nf3 e6 3. g3 Nc6 4. Bg2 g6 5. O-O Bg7 6. Nc3 Nge7 7. d3 O-O 8. Be3 b6 9. Rb1 d5 10. exd5 Nxd5 11. Nxd5 exd5 12. c3 d4 13. cxd4 cxd4 14. Nxd4 Nxd4 15. Bxa8 Bh3 16. Bg2 Bxg2 17.
Kxg2 Qd5+ 18. f3 Nf5 19. Bf2 Bd4 20. Qe2 Qxa2 21. Ra1 Qb3 22. Rxa7 Rc8 23. g4 Ne3+ 24. Bxe3 Re8 25. Qd1 Qxd1 26. Rxd1 Rxe3 27. Rd2 Re1 28. Rd7 Be3 29. Rc2 Rd1 30. Rc8+ Kg7 31. Rcc7 Kh6 32.
Rxf7 Kg5 33. Rxh7 Rg1+ 34. Kh3 Bf4 35. Rc2 1-0

[Event "*** Titled Tuesday Blitz"]
[Site "Chess.com"]
[Date "2019.05.07"]
[Round "3"]
[White "GCamachoMartinez"]
[Black "volcanoexplorer"]
[Result "0-1"]
[WhiteElo "2358"]
[BlackElo "2624"]
[TimeControl "180+2"]
[EndTime "13:37:30 PDT"]
[Termination "volcanoexplorer won on time"]

1. d4 Nf6 2. c4 e6 3. Nc3 Bb4 4. g3 O-O 5. Bg2 d5 6. cxd5 Nxd5 7. Bd2 Nxc3 8. bxc3 Bd6 9. Nf3 c5 10.
O-O Nc6 11. e4 e5 12. d5 Ne7 13. c4 h6 14. Bc3 Ng6 15. Rb1 b6 16. Ne1 f5 17.
Qh5 Kh7 18. Nd3 Qe7 19. Rbe1 f4 20. gxf4 Nxf4 21. Nxf4 Rxf4 22. Bh3 g6 0-1

[Event "*** Titled Tuesday Blitz"]
[Site "Chess.com"]
[Date "2019.05.07"]
[Round "3"]
[White "JeremDev"]
[Black "Micki-taryan"]
[Result "0-1"]
[WhiteElo "2498"]
[BlackElo "3037"]
[TimeControl "180+2"]
[EndTime "13:37:43 PDT"]
[Termination "Micki-taryan won by resignation"]

1. e4 c5 2. d4 cxd4 3. c3 d3 4. Bxd3 Nc6 5. c4 d6 6. Nc3 g6 7.
h3 Bg7 8. Nf3 Nf6 9. Be3 O-O 10.
Rc1 Nd7 11. Bb1 a5 12. b3 Nc5 13. O-O b6 14. Qd2 Re8 15. Nh2 e5 16. f4 exf4 17. Bxf4 Be6 18. Qxd6 Qc8 19. Nb5 Rd8 20. Qc7 Nd4 21.
Nxd4 Bxd4+ 22. Kh1 Na6 23. Qxc8 Raxc8 24. Nf3 Bg7 25.
e5 a4 26. Be4 axb3 27. axb3 Nc5 28. Bc2 Nd3 29. Bxd3 Rxd3 30. Rb1 h6 31. Rfd1 Rcd8 32.
Rxd3 Rxd3 33. Kg1 g5 34. Bg3 Bf5 35. Rb2 h5 36. Bf2 g4 37. hxg4 hxg4 38. Nh4 Rd1+ 39. Kh2 Bxe5+ 40. Bg3 Bxb2 41. Nxf5 Rd3 42. b4 Kh7 43.
Kg1 Ba3 44. b5 Bc5+ 45. Kf1 Kg6 46. Nh4+ Kg5 47. Be1 Rd1 48. Ke2 Rxe1+ 0-1

[Event "*** Titled Tuesday Blitz"]
[Site "Chess.com"]
[Date "2019.05.07"]
[Round "3"]
[White "slowdumbb"]
[Black "PE-TRO"]
[Result "0-1"]
[WhiteElo "2471"]
[BlackElo "2803"]
[TimeControl "180+2"]
[EndTime "13:37:44 PDT"]
[Termination "PE-TRO won by resignation"]

1. g3 Nf6 2. Bg2 g6 3. Nf3 Bg7 4. O-O d5 5. d3 O-O 6. c4 c5 7.
Nc3 Nc6 8. cxd5 Nxd5 9. Bd2 b6 10. Nxd5 Qxd5 11. Ne5 Qxe5 12. Bxc6 Bh3 13. Bxa8 Rxa8 14. Re1 Qxb2 15. Be3 Qxa1 16. Qxa1 Bxa1 17. Rxa1 Be6 18. a4 c4 19. dxc4 Bxc4 20. a5 b5 21. a6 Bxe2 22.
Bc5 e5 23. Re1 Bf3 24. Rxe5 Rc8 25. g4 f6 26. Re3 Rxc5 27. Rxf3 Rc6 28. Rb3 Rb6 29. f4 Kf7 30. f5 gxf5 31. gxf5 Ke7 32. Re3+ Kd6 33. Re6+ Kc5 34. Re7 Rxa6 35. Rxh7 b4 36.
h4 b3 0-1

[Event "*** Titled Tuesday Blitz"]
[Site "Chess.com"]
[Date "2019.05.07"]
[Round "3"]
[White "aa175"]
[Black "PNEPaul"]
[Result "1-0"]
[WhiteElo "1976"]
[BlackElo "1852"]
[TimeControl "180+2"]
[EndTime "13:37:45 PDT"]
[Termination "aa175 won by resignation"]

1. e4 e5 2. Nf3 Nc6 3. Bc4 Be7 4. d3 Nf6 5. Nc3 O-O 6. O-O d6 7.
h3 h6 8. Be3 Be6 9. Bb3 d5 10.
exd5 Nxd5 11. Nxd5 Bxd5 12. Nd2 Bxb3 13. Nxb3 f5 14. Bc5 b6 15. Bxe7 Qxe7 16. Qe2 a5 17. d4 Qf6 18. Qc4+ Kh8 19. dxe5 Nxe5 20. Qxc7 Rac8 21.
Qb7 Rxc2 22. Rab1 Nd3 23. Rfd1 Nxf2 24. Nd4 Ne4 25. Nxc2 Ng3 26. Qf3 f4 27. Nd4 g5 28.
Qc3 Ne4 29. Qd3 Nc5 30. Qc3 Ne4 31. Qe1 Nc5 32. Nf3 h5 33. Qe5 Qxe5 34. Nxe5 Ne4 35.
Ng6+ Kg7 36. Nxf8 1-0

[Event "*** Titled Tuesday Blitz"]
[Site "Chess.com"]
[Date "2019.05.07"]
[Round "3"]
[White "BlueWizzard"]
[Black "nonscitis"]
[Result "1-0"]
[WhiteElo "2775"]
[BlackElo "2570"]
[TimeControl "180+2"]
[EndTime "13:37:52 PDT"]
[Termination "BlueWizzard won by resignation"]

1. e4 e5 2. Nc3 Nf6 3. Nf3 Nc6 4. Bb5 Nd4 5. O-O Bc5 6. Nxe5 O-O 7. d3 d6 8. Nf3 Bg4 9. Be3 c6 10. Ba4 b5 11. Bb3 Nd7 12. Bxd4 Bxd4 13. h3 Bxf3 14. Qxf3 Ne5 15. Qg3 Kh8 16. Kh1 a5 17. a4 b4 18.
Nd1 f5 19. f4 Ng6 20. c3 bxc3 21. bxc3 Bf6 22. exf5 Ne7 23. Be6 c5 24. Qf3 Rb8 25. g4 h6 26. g5 g6 27. gxf6 Rxf6 28. Ne3 gxf5 29. Bc4 Rb2 30. Ra2 Rxa2 31. Bxa2 Qe8 32. Rg1 Qxa4 33. Qa8+ Kh7 34. Bg8+ Kh8 35. Bb3+ 1-0

[Event "*** Titled Tuesday Blitz"]
[Site "Chess.com"]
[Date "2019.05.07"]
[Round "3"]
[White "adriangschnitzer"]
[Black "EfrenRamos1"]
[Result "0-1"]
[WhiteElo "2413"]
[BlackElo "2319"]
[TimeControl "180+2"]
[EndTime "13:37:52 PDT"]
[Termination "EfrenRamos1 won by resignation"]

1. c4 e5 2. Nc3 Bb4 3. Nd5 Be7 4. Nf3 c6 5. Nc3 d6 6. d4 exd4 7. Nxd4 Nf6 8. g3 O-O 9. Bg2 Re8 10. O-O h6 11. b3 Bf8 12. Bb2 a5 13. Qc2 Na6 14. Rad1 Qc7 15. Rfe1 Bg4 16. h3 Bh5 17. Nf5 Bg6 18. g4 Nb4 19. Qb1 Rad8 20. a3 Na6 21. Ne4 Nxe4 22. Bxe4 Nc5 23. Bc2 Bxf5 24. gxf5 d5 25.
Kh1 Ne4 26. Bxe4 Rxe4 27. cxd5 cxd5 28. Rxd5 Rxe2 29. Rxd8 Rxe1+ 30. Qxe1 Qxd8 31. Kg1 Qg5+ 32. Kh2 Qxf5 33. Kg2 Qg5+ 34. Kf1 Qb5+ 35. Kg2 Qxb3 36. Qe5 b5 37. h4 b4 38. axb4 Qxb4 39. h5 a4 40. Bc3 Qg4+ 41. Kh2 Qd7 42. Ba1 Bd6 0-1

[Event "*** Titled Tuesday Blitz"]
[Site "Chess.com"]
[Date "2019.05.07"]
[Round "3"]
[White "r31415"]
[Black "GelmanAlexander"]
[Result "0-1"]
[WhiteElo "2348"]
[BlackElo "2572"]
[TimeControl "180+2"]
[EndTime "13:37:57 PDT"]
[Termination "GelmanAlexander won by resignation"]

1. e4 c5 2. Nf3 e6 3. d4 cxd4 4. Nxd4 d6 5. Nc3 a6 6. g4 b5 7. Bg2 Bb7 8. O-O h6 9. h3 Nf6 10. a4 b4 11. Nd5 Nbd7 12. Re1 Nc5 13. Nxb4 Ncxe4 14. Nbc6 Bxc6 15. Nxc6 Qb6 16. Rxe4 Nxe4 17. Bxe4 d5 18. Bxd5 exd5 19. Qxd5 Bc5 20. a5 Bxf2+ 21.
Kg2 Qc5 22. Qe4+ Kf8 23. b3 Re8 24. Qf3 Kg8 25. Ba3 Qxc2 26. Rf1 Bc5+ 27. Kh1 Bxa3 28. Qxf7+ Kh7 29. Qf3 0-1

[Event "*** Titled Tuesday Blitz"]
[Site "Chess.com"]
[Date "2019.05.07"]
[Round "3"]
[White "quesfr"]
[Black "TheBigBadChessDad"]
[Result "0-1"]
[WhiteElo "2188"]
[BlackElo "2324"]
[TimeControl "180+2"]
[EndTime "13:38:00 PDT"]
[Termination "TheBigBadChessDad won on time"]

1. e4 e5 2. Nc3 Nf6 3. Nf3 Nc6 4. d4 exd4 5. Nxd4 Bb4 6. Nxc6 bxc6 7. Bd3 d5 8. exd5 O-O 9. O-O Bg4 10. f3 Bh5 11. g4 Bg6 12. dxc6 Qd4+ 13. Kg2 Bxc3 14. bxc3 Qxc3 15.
Bg5 Rad8 16. Qe1 Qxc6 17. Qf2 Bxd3 18. cxd3 Rxd3 19. Rac1 Qd5 20. Rc5 Qd6 21. Rfc1 h6 22. Rc6 Qb4 23. R6c4 Qa5 24. Rc5 Qb6 25. Bxf6 Qxf6 26.
Rxc7 Ra3 27. R1c2 h5 0-1

[Event "*** Titled Tuesday Blitz"]
[Site "Chess.com"]
[Date "2019.05.07"]
[Round "3"]
[White "DamianoLew95"]
[Black "Arystanner"]
[Result "0-1"]
[WhiteElo "2451"]
[BlackElo "2751"]
[TimeControl "180+2"]
[EndTime "13:38:02 PDT"]
[Termination "Arystanner won by resignation"]

1. d4 Nf6 2. Bf4 e6 3. e3 d5 4. Nd2 c5 5. c3 Nc6 6. Ngf3 Nh5 7. Be5 f6 8. Bg3 g6 9. Bd3 Be7 10. Qe2 O-O 11. O-O Nxg3 12. hxg3 e5 13. e4 dxe4 14.
Bxe4 cxd4 15. Bxc6 bxc6 16. cxd4 exd4 17. Qc4+ Qd5 18. Qxd5+ cxd5 19. Nxd4 Bd7 20. Rac1 Rfc8 21. N2b3 Kf7 22. Rxc8 Rxc8 23. Rc1 Rc4 24. Rxc4 dxc4 25.
Nd2 Bc5 26. Nc2 Be6 27. a3 Ke7 28. Kf1 Kd6 29. Ne4+ Kc6 30. Nxf6 Bf5 31. Nb4+ Bxb4 32. axb4 Kb5 33. Nd5 Ka4 34. Ke1 Kb3 35. Kd2 Kxb2 36. b5 Be4 37. Nc3 Bxg2 38. Na4+ Kb3 39. Nc5+ Kb4 40. Ne6 Kxb5 41. Kc3 Bf1 42. Nf8 a5 43. Nxh7 a4 44. Nf6 a3 45. Ne4 Kc6 46. Nd2 Bd3 47. f4 Kd5 48. g4 a2 0-1